MLB
CHICAGO CUBS @ MIAMI MARLINS
04/01/2018
 
TOP OF THE 1ST
Chicago Cubs batting - Pitching for Miami Marlins : RHP Tanner Roark
Pitching: RHP Tanner Roark
Batting: SHB Yoan Moncada 0-0: Foul Ball, location: 2F
0-1: Foul Ball, location: 2F
0-2: Foul Ball, location: 2F
0-2: Foul Ball, location: 2F
0-2: SINGLE (Flyball, 9LS)
Batting: RHB Paul DeJong 0-0: Ball
1-0: Ball
2-0: Swinging Strike
2-1: Ball
3-1: Foul Ball, location: 2F
3-2: Strikes out swinging
Batting: LHB Cody Bellinger 0-0: Swinging Strike
0-1: Ball
1-1: Ball
Yoan Moncada is caught stealing 2nd base
2-1: Fly out, F8 (Flyball, 8LM)
Top of the 1st over - 0 runs, 1 hit, 0 errors, 0 left on base; Chicago 0 - Miami 0
BOTTOM OF THE 1ST
Miami Marlins batting - Pitching for Chicago Cubs : RHP Brent Honeywell
Pitching: RHP Brent Honeywell
Batting: LHB David Dahl 0-0: Ball
1-0: Called Strike
1-1: Ball
2-1: Foul Ball, location: 2F
2-2: Ball
3-2: Strikes out swinging
Batting: RHB Javier Baez 0-0: Fly out, F9 (Line Drive, 9S)
Batting: SHB Francisco Lindor 0-0: Called Strike
0-1: Foul Ball, location: 2F
0-2: Ball
1-2: Ground out 6-3 (Groundball, 6)
Bottom of the 1st over - 0 runs, 0 hits, 0 errors, 0 left on base; Chicago 0 - Miami 0
TOP OF THE 2ND
Chicago Cubs batting - Pitching for Miami Marlins : RHP Tanner Roark
Batting: RHB Justin Upton 0-0: Ball
1-0: Called Strike
1-1: Fly out, F4 (Popup, 34S)
Batting: RHB Willson Contreras 0-0: Called Strike
0-1: Foul Ball, location: 2F
0-2: Strikes out swinging
Batting: RHB Zack Cozart 0-0: Ball
1-0: Ground out 5-3 (Groundball, 5)
Top of the 2nd over - 0 runs, 0 hits, 0 errors, 0 left on base; Chicago 0 - Miami 0
BOTTOM OF THE 2ND
Miami Marlins batting - Pitching for Chicago Cubs : RHP Brent Honeywell
Batting: RHB Yasmany Tomas 0-0: Fly out, F7 (Flyball, 7)
Batting: LHB Dominic Smith 0-0: Foul Ball, location: 2F
0-1: Ball
1-1: Fly out, F8 (Flyball, 8RM)
Batting: RHB Miguel Andujar 0-0: Ball
1-0: Foul Ball, location: 2F
1-1: Fly out, F3 (Popup, 3F)
Bottom of the 2nd over - 0 runs, 0 hits, 0 errors, 0 left on base; Chicago 0 - Miami 0
TOP OF THE 3RD
Chicago Cubs batting - Pitching for Miami Marlins : RHP Tanner Roark
Batting: RHB Stephen Piscotty 0-0: Ball
1-0: Ball
2-0: SINGLE (Line Drive, 34D)
Batting: RHB Michael A. Taylor 0-0: Swinging Strike
0-1: Ball
1-1: Ball
2-1: Called Strike
2-2: Strikes out swinging
Batting: RHB Brent Honeywell 0-0: Sac Bunt - play at second, runner OUT! 1-6
Batting: SHB Yoan Moncada 0-0: Ball
1-0: Ball
2-0: Foul Ball, location: 2F
2-1: Ball
3-1: Ground out U3 (Groundball, 3S)
Top of the 3rd over - 0 runs, 1 hit, 0 errors, 1 left on base; Chicago 0 - Miami 0
BOTTOM OF THE 3RD
Miami Marlins batting - Pitching for Chicago Cubs : RHP Brent Honeywell
Batting: LHB Max Kepler 0-0: Ball
1-0: DOUBLE (Line Drive, 5D)
Batting: RHB Welington Castillo 0-0: Called Strike
0-1: Ball
1-1: Ball
2-1: Foul Ball, location: 2F
2-2: SINGLE (Line Drive, 78S)
Max Kepler to third
Batting: RHB Tanner Roark 0-0: Reached on error, E1 (Groundball, 13)
Max Kepler scores
Welington Castillo to third
Batting: LHB David Dahl 0-0: Ball
1-0: Called Strike
1-1: Swinging Strike
1-2: Foul Ball, location: 2F
1-2: Ball
2-2: Ball
3-2: SINGLE (Groundball, 6D)
Welington Castillo scores
Tanner Roark to third
Runner from 3rd tries for Home, SAFE, no throw
Batting: RHB Javier Baez 0-0: Ball
1-0: Called Strike
1-1: Swinging Strike
1-2: Strikes out swinging
Batting: SHB Francisco Lindor 0-0: Foul Ball, location: 2F
0-1: Ball
1-1: Foul Ball, location: 2F
1-2: Ball
2-2: Ball
3-2: Fly out, F6 (Popup, 6MS)
Batting: RHB Yasmany Tomas 0-0: Ball
1-0: Called Strike
David Dahl is caught stealing 2nd base
Bottom of the 3rd over - 3 runs, 3 hits, 1 error, 0 left on base; Chicago 0 - Miami 3
TOP OF THE 4TH
Chicago Cubs batting - Pitching for Miami Marlins : RHP Tanner Roark
Batting: RHB Paul DeJong 0-0: Ball
1-0: Foul Ball, location: 2F
1-1: Fly out, F8 (Flyball, 89S)
Batting: LHB Cody Bellinger 0-0: Called Strike
0-1: Ball
1-1: Foul Ball, location: 2F
1-2: Strikes out looking
Batting: RHB Justin Upton 0-0: Fly out, F5 (Popup, 5S)
Top of the 4th over - 0 runs, 0 hits, 0 errors, 0 left on base; Chicago 0 - Miami 3
BOTTOM OF THE 4TH
Miami Marlins batting - Pitching for Chicago Cubs : RHP Brent Honeywell
Batting: RHB Yasmany Tomas 0-0: Foul Ball, location: 2F
0-1: Foul Ball, location: 2F
0-2: Ball
1-2: Foul Ball, location: 2F
1-2: Ball
2-2: Foul Ball, location: 2F
2-2: Strikes out looking
Batting: LHB Dominic Smith 0-0: Ball
1-0: Foul Ball, location: 2F
1-1: Ball
2-1: SINGLE (Flyball, 9LS)
Batting: RHB Miguel Andujar 0-0: Fly out, F5 (Popup, 15)
Batting: LHB Max Kepler 0-0: Ball
1-0: Called Strike
1-1: Ground out 4-3 (Groundball, 4)
Bottom of the 4th over - 0 runs, 1 hit, 0 errors, 1 left on base; Chicago 0 - Miami 3
TOP OF THE 5TH
Chicago Cubs batting - Pitching for Miami Marlins : RHP Tanner Roark
Batting: RHB Willson Contreras 0-0: Foul Ball, location: 2F
0-1: Ball
1-1: Ball
2-1: Ball
3-1: Called Strike
3-2: Fly out, F9 (Line Drive, 9)
Batting: RHB Zack Cozart 0-0: Foul Ball, location: 2F
0-1: Foul Ball, location: 2F
0-2: Strikes out swinging
Batting: RHB Stephen Piscotty 0-0: Foul Ball, location: 2F
0-1: Foul Ball, location: 2F
0-2: Strikes out swinging
Top of the 5th over - 0 runs, 0 hits, 0 errors, 0 left on base; Chicago 0 - Miami 3
BOTTOM OF THE 5TH
Miami Marlins batting - Pitching for Chicago Cubs : RHP Brent Honeywell
Batting: RHB Welington Castillo 0-0: Ball
1-0: SINGLE (Groundball, 5D)
Batting: RHB Tanner Roark 0-0: Bunted foul
0-1: Ball
1-1: Sac Bunt - play at second, runner OUT! 2-6
Batting: LHB David Dahl 0-0: SINGLE (Groundball, 34D)
Tanner Roark to second
Runner from 2nd tries for 3rd, SAFE, no throw
Batting: RHB Javier Baez 0-0: Ball
Throwing error on steal attempt, E2
Tanner Roark scores
David Dahl to third
1-0: Called Strike
1-1: Foul Ball, location: 2F
1-2: Ball
2-2: Fly out, F8 (Flyball, 78S)
Runner from 3rd tags up, SCORES, throw made
Batting: SHB Francisco Lindor 0-0: Foul Ball, location: 2F
0-1: Swinging Strike
0-2: Ball
1-2: Fly out, F7 (Flyball, 7LD)
Bottom of the 5th over - 2 runs, 2 hits, 1 error, 0 left on base; Chicago 0 - Miami 5
TOP OF THE 6TH
Chicago Cubs batting - Pitching for Miami Marlins : RHP Tanner Roark
Batting: RHB Michael A. Taylor 0-0: Foul Ball, location: 2F
0-1: Fly out, F7 (Flyball, 7D)
Pinch Hitting: RHB Jose Bautista 0-0: Ball
1-0: Fly out, F7 (Line Drive, 7)
Batting: SHB Yoan Moncada 0-0: Called Strike
0-1: Ball
1-1: Fly out, F9 (Flyball, 89XD)
Top of the 6th over - 0 runs, 0 hits, 0 errors, 0 left on base; Chicago 0 - Miami 5
BOTTOM OF THE 6TH
Miami Marlins batting - Pitching for Chicago Cubs : RHP Brent Honeywell
Pitching: RHP Chase Anderson
Batting: RHB Yasmany Tomas 0-0: Called Strike
0-1: Ball
1-1: Called Strike
1-2: Strikes out looking
Batting: LHB Dominic Smith 0-0: Swinging Strike
0-1: Foul Ball, location: 2F
0-2: Fly out, F9 (Flyball, 9S)
Batting: RHB Miguel Andujar 0-0: Ground out 4-3 (Groundball, 4)
Bottom of the 6th over - 0 runs, 0 hits, 0 errors, 0 left on base; Chicago 0 - Miami 5
TOP OF THE 7TH
Chicago Cubs batting - Pitching for Miami Marlins : RHP Tanner Roark
Batting: RHB Paul DeJong 0-0: Ball
1-0: Swinging Strike
1-1: Swinging Strike
1-2: Strikes out looking
Batting: LHB Cody Bellinger 0-0: Called Strike
0-1: Ball
1-1: DOUBLE (Line Drive, 7LS)
Batting: RHB Justin Upton 0-0: Swinging Strike
0-1: Ball
1-1: Ball
2-1: Swinging Strike
2-2: Strikes out swinging
Batting: RHB Willson Contreras 0-0: Swinging Strike
0-1: Ball
1-1: Called Strike
1-2: Foul Ball, location: 2F
1-2: Foul Ball, location: 2F
1-2: Ground out 5-3 (Groundball, 5)
Top of the 7th over - 0 runs, 1 hit, 0 errors, 1 left on base; Chicago 0 - Miami 5
BOTTOM OF THE 7TH
Miami Marlins batting - Pitching for Chicago Cubs : RHP Chase Anderson
Batting: LHB Max Kepler 0-0: Called Strike
0-1: Foul Ball, location: 2F
0-2: Foul Ball, location: 2F
0-2: Foul Ball, location: 2F
0-2: Ball
1-2: Ball
2-2: Foul Ball, location: 2F
2-2: Strikes out swinging
Batting: RHB Welington Castillo 0-0: Called Strike
0-1: Ball
1-1: Foul Ball, location: 2F
1-2: Ball
2-2: SOLO HOME RUN (Flyball, 89XD), Distance : 416 ft
Batting: RHB Tanner Roark 0-0: Ball
1-0: Swinging Strike
1-1: Called Strike
1-2: Strikes out swinging
Batting: LHB David Dahl 0-0: Ball
1-0: Fly out, F8 (Flyball, 8RD)
Bottom of the 7th over - 1 run, 1 hit, 0 errors, 0 left on base; Chicago 0 - Miami 6
TOP OF THE 8TH
Chicago Cubs batting - Pitching for Miami Marlins : RHP Tanner Roark
Batting: RHB Zack Cozart 0-0: Ball
1-0: Ball
2-0: Fly out, F7 (Flyball, 7S)
Batting: RHB Stephen Piscotty 0-0: Foul Ball, location: 2F
0-1: Ball
1-1: Ball
2-1: Foul Ball, location: 2F
2-2: Ball
3-2: Base on Balls
Batting: RHB Michael A. Taylor 0-0: Ball
1-0: Foul Ball, location: 2F
1-1: Swinging Strike
1-2: Ball
Pickoff Throw by Catcher to First - Out!
2-2: Ball
3-2: Base on Balls
Pinch Hitting: RHB Jedd Gyorko 0-0: Ball
1-0: Ball
2-0: Ball
3-0: Ground out 1-3 (Groundball, 13S)
Top of the 8th over - 0 runs, 0 hits, 0 errors, 1 left on base; Chicago 0 - Miami 6
BOTTOM OF THE 8TH
Miami Marlins batting - Pitching for Chicago Cubs : RHP Chase Anderson
Pitching: RHP Dillon Maples
Batting: RHB Javier Baez 0-0: Ground out 6-3 (Groundball, 6M)
Batting: SHB Francisco Lindor 0-0: Ball
1-0: Ball
2-0: Ball
3-0: Called Strike
3-1: Base on Balls
Batting: RHB Yasmany Tomas 0-0: Called Strike
0-1: Fly out, F8 (Flyball, 8RXD)
Batting: LHB Dominic Smith 0-0: Fly out, F8 (Flyball, 78D)
Bottom of the 8th over - 0 runs, 0 hits, 0 errors, 1 left on base; Chicago 0 - Miami 6
TOP OF THE 9TH
Chicago Cubs batting - Pitching for Miami Marlins : RHP Tanner Roark
Pitching: RHP Craig Stammen
Now in LF: Dan Robertson
Batting: SHB Yoan Moncada 0-0: Called Strike
0-1: Ball
1-1: Swinging Strike
1-2: Foul Ball, location: 2F
1-2: Foul Ball, location: 2F
1-2: Ball
2-2: Ball
3-2: Ground out 4-3 (Groundball, 4)
Batting: RHB Paul DeJong 0-0: Foul Ball, location: 2F
0-1: Ball
1-1: Ball
2-1: Swinging Strike
2-2: Ground out 6-3 (Groundball, 6)
Batting: LHB Cody Bellinger 0-0: Ball
1-0: Ball
2-0: Ball
3-0: Base on Balls
Batting: RHB Justin Upton 0-0: Ball
1-0: Ball
2-0: Called Strike
2-1: Fly out, F9 (Flyball, 9LMF)
Top of the 9th over - 0 runs, 0 hits, 0 errors, 1 left on base; Chicago 0 - Miami 6
Tuesday, May 22nd, 2018 - OOTP Baseball 19.5 Build 49